 Dungeon Crawl Stone Soup version 0.24-a0-513-g284f782df5 (webtiles) character file.

Game seed: 6577020670745526116

8087 Azzok the Grappler (level 11, -13/106 (111) HPs)
             Began as a Naga Transmuter on July 20, 2019.
             Was an Initiate of Cheibriados.
             Mangled by a two-headed ogre
             ... wielding a +0 giant club
              (25 damage)
             ... on level 9 of the Dungeon.
             The game lasted 00:22:37 (9405 turns).

Azzok the Grappler (Naga Transmuter)                Turns: 9405, Time: 00:22:37

HP:   -13/106 (111) AC:  7    Str: 13    XL:     11   Next: 25%
MP:   17/17         EV: 10    Int: 19    God:    Cheibriados [......]
Gold: 529           SH:  0    Dex: 16    Spells: 7/19 levels left

rFire    . . .     SeeInvis +     - Unarmed
rCold    + + +     Gourm    .   (shield currently unavailable)
rNeg     . . .     Faith    .   (armour currently unavailable)
rPois    +         Spirit   .   (helmet currently unavailable)
rElec    .         Reflect  .   (cloak currently unavailable)
rCorr    .         Harm     .   (gloves currently unavailable)
MR       +....                  (no barding)
Stlth    +.........             h - amulet of regeneration
HPRegen  0.67/turn              v - ring of protection from fire
MPRegen  0.15/turn              E - +4 ring of dexterity

@: confused, ice-form, very slow
A: large, see invisible, slow metabolism 1, spit poison 1, AC +3
a: Spit Poison, End Transformation, Bend Time, Renounce Religion


You were on level 9 of the Dungeon.
You worshipped Cheibriados.
Cheibriados was noncommittal.
You were not hungry.
You were a creature of crystalline ice.
You visited 2 branches of the dungeon, and saw 10 of its levels.
You also visited: Bailey.

You collected 529 gold pieces.

Inventory:

Missiles
 a - 197 arrows
Armour
 b - a +0 robe (melded)
 C - a +0 pair of gloves (melded)
 F - a +2 hat of intelligence (melded)
Jewellery
 h - an amulet of regeneration (around neck)
 v - a ring of protection from fire (left front paw)
 E - a +4 ring of dexterity (right front paw)
Wands
 f - a wand of random effects (13)
 n - a wand of enslavement (5)
 A - a wand of flame (6)
Scrolls
 c - 2 scrolls of magic mapping {unknown}
 k - 3 scrolls of teleportation {unknown}
 m - a scroll of enchant armour {unknown}
 o - 4 scrolls of remove curse
 q - a scroll of fear {unknown}
 r - 2 scrolls of immolation {unknown}
 y - a scroll of enchant weapon {unknown}
 B - a scroll of amnesia
 D - a scroll of fog {unknown}
 G - 2 scrolls of blinking {unknown}
 J - a scroll of summoning {unknown}
Potions
 e - 3 potions of might {unknown}
 g - a potion of flight {unknown}
 i - 4 potions of brilliance {unknown}
 j - 6 potions of curing
 p - a potion of resistance
 t - a potion of heal wounds
 u - 2 potions of lignification
 x - a potion of agility
Comestibles
 d - 19 rations
 l - 2 chunks of flesh


   Skills:
 + Level 4.5 Fighting
 - Level 1.5 Dodging
 + Level 10.8 Unarmed Combat
 + Level 4.5 Spellcasting
 + Level 10.1 Transmutations
 - Level 5.0 Ice Magic
 - Level 5.0 Poison Magic
 + Level 1.2 Invocations


You had 7 spell levels left.
You knew the following spells:

 Your Spells              Type           Power        Failure   Level  Hunger
a - Spider Form           Tmut/Pois      ####......   1%          3    ###....
b - Ice Form              Ice/Tmut       ####....     5%          4    ####...
c - Blade Hands           Tmut           #####.....   5%          5    ######.

Your spell library contained the following spells:

 Spells                   Type           Power        Failure   Level  Hunger
 Beastly Appendage        Tmut           #####.       1%          1    None
 Sticks to Snakes         Tmut           #####...     1%          2    #......
 Magic Dart               Conj           #...         13%         1    None
 Blink                    Tloc           N/A          21%         2    #......
 Call Imp                 Summ           #.......     21%         2    #......
 Slow                     Hex            #.......     21%         2    #......
 Mephitic Cloud           Conj/Pois/Air  ##......     21%         3    ###....
 Conjure Flame            Conj/Fire      #.......     36%         3    ###....


Dungeon Overview and Level Annotations

Branches:
Dungeon (9/15)             Temple (1/1) D:5
   Lair: D:8-11         Orc: D:9-12

Altars:
Ashenzari
Cheibriados
Dithmenos
Elyvilon
Fedhas
Gozag
Hepliaklqana
Kikubaaqudgha
Makhleb
Nemelex Xobeh
Qazlal
Sif Muna
Trog
Uskayaw
Vehumet
Wu Jian
Xom
Yredelemnul
Zin
The Shining One

Annotations:
D:5 , 1 runed translucent door
D:9 Maurice


Innate Abilities, Weirdness & Mutations

You cannot wear boots.
((Your serpentine skin is tough. (AC +3)))
You have supernaturally acute eyesight. (SInv)
((Armour fits poorly on your strangely shaped body.))
((Your system is resistant to poisons. (rPois)))
((You cover ground very slowly.))
You have a slow metabolism.
You can spit poison.


Message History

You punch the crocodile!
The crocodile seems to slow down.
You freeze the crocodile.
The crocodile is severely wounded.
The killer bee stings you but does no damage.
The crocodile bites you!
* * * LOW HITPOINT WARNING * * *
The killer bee stings you.
* * * LOW HITPOINT WARNING * * *
The two-headed ogre completely misses you.
The two-headed ogre hits you with a +0 dire flail!
* * * LOW HITPOINT WARNING * * *
Maurice mumbles some strange words.
Maurice blinks!
The killer bee barely misses you. The killer bee stings you!
* * * LOW HITPOINT WARNING * * *
You see here a black bear skeleton.
Maurice mumbles some strange words.
Maurice blinks!
The two-headed ogre hits you with a +0 giant club!!
You die...

···@··· ··▒ ······· ··▒
······§ ··▒ ·······▒··▒
··········▒ ▒··▒·▒
▒··▒F▒ ▒··▒J▒▒▒▒▒·▒
▒·t·OY·····▒
▒▒·▒y▒▒▒▒▒▒▒ ▒·▒·▒
▒·▒·▒ ▒▒▒▒▒▒▒▒▒▒
▒▒·▒÷▒▒▒▒▒▒▒▒····†····
▒▒···············▒▒<··▒
▒·····▒▒▒▒▒▒▒▒·▒▒▒▒····
▒·····▒ ▒·▒ ▒···▒
▒·▒·▒·▒ ▒▒▒▒·▒ ▒▒▒▒▒


You could see a two-headed ogre, a crocodile, a bullfrog, a jelly and a killer
bee.

Vanquished Creatures
  Gastronok (D:8)
  An ugly thing (D:5)
  A queen bee (D:8)
  A hornet (D:8)
  A hippogriff (D:8)
  Eustachio (D:3)
  A hungry ghost (D:8)
  2 porcupines (D:9)
  An ice beast (D:8)
  2 necrophages
  A sky beast (D:7)
  9 orc warriors
  A phantom (D:7)
  4 ogres
  3 black bears
  4 centaurs
  A crocodile (D:9)
  A big kobold (D:7)
  3 bullfrogs
  2 scorpions
  A water moccasin skeleton (D:7)
  18 killer bees (D:9)
  3 wights (D:8)
  A howler monkey (D:5)
  5 crimson imps
  A centaur zombie (D:8)
  A quasit (D:9)
  6 hounds
  2 orc priests (D:7)
  2 centaur skeletons
  7 orc wizards
  A bullfrog skeleton (D:5)
  2 iguanas
  Ijyb (D:5)
  Natasha (thrice) (D:2)
  4 worker ants
  A killer bee zombie (D:8)
  A hound zombie (D:7)
  A hound skeleton (D:5)
  2 worker ant zombies
  Robin (D:2)
  7 gnolls
  10 adders
  2 shadow imps (D:7)
  An adder skeleton (D:9)
  4 worms
  3 dart slugs
  A leopard gecko (D:2)
  48 orcs
  2 ball pythons
  6 giant cockroaches
  24 goblins
  13 hobgoblins
  7 jackals
  8 quokkas
  A ball python skeleton (D:4)
  9 bats
  4 frilled lizards
  8 kobolds
  A leopard gecko skeleton (D:4)
  A leopard gecko zombie (D:6)
  A quokka skeleton (D:5)
  14 rats
280 creatures vanquished.

Vanquished Creatures (others)
  38 fungi (D:9)
  35 plants (D:9)
73 creatures vanquished.

Grand Total: 353 creatures vanquished

Notes
Turn   | Place    | Note
-------+----------+-------------------------------------------
     0 | D:1      | Azzok the Naga Transmuter began the quest for the Orb.
     0 | D:1      | Reached XP level 1. HP: 18/18 MP: 3/3
   224 | D:1      | Reached XP level 2. HP: 17/25 MP: 5/5
  1021 | D:1      | Reached XP level 3. HP: 31/31 MP: 6/6
  1117 | D:1      | Learned a level 3 spell: Spider Form
  1462 | D:2      | Noticed Robin
  1589 | D:2      | Killed Robin
  1589 | D:2      | Reached skill level 1 in Poison Magic
  1592 | D:2      | Reached XP level 4. HP: 38/38 MP: 1/7
  1713 | D:2      | Noticed Natasha
  1733 | D:2      | Killed Natasha
  1867 | D:2      | Noticed Natasha
  1880 | D:2      | Killed Natasha
  1880 | D:2      | Reached XP level 5. HP: 37/44 MP: 4/8
  2088 | D:2      | Noticed Natasha
  2096 | D:2      | Killed Natasha
  2611 | D:3      | Reached skill level 5 in Unarmed Combat
  2726 | D:2      | Reached XP level 6. HP: 39/51 MP: 3/9
  3059 | D:3      | Found a hide-covered altar of Uskayaw.
  3059 | D:3      | Noticed a +0 hand axe
  3060 | D:3      | Noticed a +0 hand axe
  3119 | D:3      | Reached XP level 7. HP: 28/57 MP: 8/10
  3628 | D:4      | Reached skill level 5 in Poison Magic
  3948 | D:4      | Noticed Eustachio
  3952 | D:4      | Reached skill level 5 in Transmutations
  4024 | D:3      | Killed Eustachio
  4024 | D:3      | Reached XP level 8. HP: 28/64 MP: 6/11
  4410 | D:4      | Learned a level 4 spell: Ice Form
  4425 | D:5      | Entered Level 5 of the Dungeon
  4448 | D:5      | Found a transporter.
  4467 | D:5      | Reached skill level 1 in Ice Magic
  4548 | D:5      | Found a snail-covered altar of Cheibriados.
  4549 | D:5      | Found a transporter.
  4550 | D:5      | Found a bloodstained altar of Trog.
  4550 | D:5      | Noticed a red ugly thing
  4578 | D:5      | Noticed Ijyb
  4586 | D:5      | Killed Ijyb
  4657 | D:5      | Found a staircase to the Ecumenical Temple.
  4667 | Temple   | Entered the Ecumenical Temple
  4887 | D:5      | Found an opulent altar of Gozag.
  5020 | D:5      | Found a glowing golden altar of the Shining One.
  5020 | D:5      | Found a runed translucent door.
  5020 | D:5      | Noticed an angel
  5660 | D:6      | Reached XP level 9. HP: 70/70 MP: 8/12
  6611 | D:7      | Found a flagged portal.
  6646 | Bailey   | Entered a bailey
  7028 | Bailey   | Reached skill level 5 in Ice Magic
  7210 | Bailey   | Noticed an orc knight
  7222 | Bailey   | Noticed an orc warlord
  7363 | D:7      | Reached XP level 10. HP: 74/74 MP: 9/13
  7647 | D:7      | Learned a level 5 spell: Blade Hands
  8102 | D:8      | Noticed Gastronok
  8124 | D:8      | Killed Gastronok
  8124 | D:8      | Reached skill level 10 in Unarmed Combat
  8765 | D:9      | Reached XP level 11. HP: 87/87 MP: 11/16
  9094 | D:5      | Killed a red ugly thing
  9094 | D:5      | Reached skill level 10 in Transmutations
  9120 | D:5      | Became a worshipper of Cheibriados the Contemplative
  9287 | D:9      | Reached skill level 1 in Invocations
  9390 | D:9      | Noticed a two-headed ogre
  9391 | D:9      | Noticed Maurice
  9404 | D:9      | HP: 5/106 [killer bee (9)]
  9405 | D:9      | Mangled by a two-headed ogre

Levels and vault maps discovered:
D:1:      lightli_molten_gateway, layout_loops_cross, hex_tiny
D:2:      minmay_angry_zag, layout_loops_ring, uniq_robin, uniq_natasha
D:3:      layout_rooms, dancing_weapons_uskayaw, first_ration,
          grunt_decor_mini_mirrors, minmay_pentomino_pile
D:4:      layout_cave_pools, minmay_liquid_box, uniq_eustachio
D:5:      minmay_diamond_boxcup, layout_cave_pools,
          gammafunk_temple_overflow_arena, grunt_gozag_statues,
          minmay_temple_entry_sparse_star, enter_ossuary_5, lemuel_angel_altar,
          uniq_ijyb
D:6:      layout_basic
D:7:      layout_cave_pools, enter_bailey_2
D:8:      layout_basic, uniq_gastronok
D:9:      layout_loops_ring, gammafunk_temple_overflow_elements,
          due_lair_maze_entry_diamond, minmay_misc_feat_doors,
          statue_in_the_mist_lemuel, david_nohive_1, uniq_erolcha, uniq_maurice
Temple:   eino_temple_rhombus

Skill      XL: |  1  2  3  4  5  6  7  8  9 10 11 |
---------------+----------------------------------+-----
Unarmed Combat | 4 5 6 7 9 10 | 10.8
Poison Magic   | 1 2 3 4 5 |  5.0
Transmutations | 3 4 5 6 8 9 10 | 10.1
Ice Magic      | 3 5 |  5.0
Fighting       | 3 4 |  4.5
Spellcasting   | 3 4 |  4.5
Invocations    | 1 |  1.2
Dodging        | |  1.5

Action                   |  1- 3 |  4- 6 |  7- 9 | 10-12 || total
-------------------------+-------+-------+-------+-------++-------
Melee: Unarmed           |   160 |   159 |   408 |   206 ||   933
       Punch             |     2 |       |     2 |     2 ||     6
 Cast: Spider Form       |     3 |    20 |    44 |     2 ||    69
       Ice Form          |       |       |     2 |    15 ||    17
       Blade Hands       |       |       |       |     1 ||     1
 Abil: Spit Poison       |     1 |       |     1 |       ||     2
Evoke: Wand              |       |       |       |     1 ||     1
  Use: Scroll            |       |       |     3 |     9 ||    12
       Potion            |       |       |       |     3 ||     3
 Stab: Sleeping          |       |     1 |     1 |     1 ||     3
       Invisible         |       |       |       |     1 ||     1
  Eat: Chunk             |     2 |     7 |    17 |     5 ||    31
       Ration            |       |       |       |     2 ||     2
Armor: Robe              |    52 |    11 |    23 |     8 ||    94
       Skin              |     4 |    13 |    17 |    57 ||    91
Dodge: Dodged            |   130 |   134 |   362 |   116 ||   742

Table legend:
 A = Non-vault XP
 B = Vault XP
 C = Vault XP percentage of total XP
 D = Non-vault monster count
 E = Vault monster count
 F = Vault count percentage of total count
                 A         B        C        D         E       F
            +---------+---------+-------+---------+---------+-------
      Total |    4865 |    6688 |  57.9 |     188 |      92 |  32.9
            +---------+---------+-------+---------+---------+-------
        D:1 |      43 |       7 |  14.0 |      28 |       5 |  15.2
        D:2 |     187 |      83 |  30.7 |      26 |      12 |  31.6
        D:3 |     317 |     202 |  38.9 |      28 |       3 |   9.7
        D:4 |     605 |       0 |   0.0 |      18 |       0 |   0.0
        D:5 |     373 |    1121 |  75.0 |      10 |      10 |  50.0
        D:6 |     351 |       0 |   0.0 |      11 |       0 |   0.0
        D:7 |    1336 |       0 |   0.0 |      38 |       0 |   0.0
        D:8 |    1336 |    2721 |  67.1 |      22 |       4 |  15.4
        D:9 |     317 |    1619 |  83.6 |       7 |      21 |  75.0
     Bailey |       0 |     935 | 100.0 |       0 |      37 | 100.0
            +---------+---------+-------+---------+---------+-------
